 Dungeon Crawl Stone Soup version 0.13-a0-2474-g552a472 (webtiles) character file.

615 Rycklaryybbe the Covert (level 6, 0/45 HPs)
             Began as a Vampire Death Knight on July 18, 2013.
             Was a Believer of Yredelemnul.
             Killed by divine providence
             ... invoked by an orc priest
              (15 damage)
             ... on Level 4 of the Dungeon.
             The game lasted 00:14:42 (3032 turns).

Rycklaryybbe the Covert (Vampire Death Knight)      Turns: 3032, Time: 00:14:42

HP   0/45        AC 12     Str 12      XL: 6   Next: 87%
MP  10/10        EV  9     Int 15      God: Yredelemnul [**....]
Gold 133         SH  0     Dex 13      Spells:  0 memorised,  5 levels left

Res.Fire  : . . .   See Invis. : +   e - -1,+2 orc short sword (protect)
Res.Cold  : . . .   Warding    : .   u - +0 elf ring mail
Life Prot.: . . .   Conserve   : .   (no shield)
Res.Poison: .       Res.Corr.  : .   (no helmet)
Res.Elec. : .       Clarity    : .   d - +1 dwarf cloak
Sust.Abil.: . .     Spirit.Shd : .   (no gloves)
Res.Mut.  : .       Stasis     : .   (no boots)
Res.Rott. : .       Flight     : .   (no amulet)
Saprovore : . . .                    (no ring)
                                     (no ring)

@: regenerating quickly, hasted, very quick, slightly resistant to hostile
enchantments, very stealthy
A: bottle blood, fangs 3, see invisible, unbreathing
a: Bottle Blood, Animate Remains, Recall Undead Slaves, Injury Mirror, Renounce
Religion


You were on level 4 of the Dungeon.
You worshipped Yredelemnul.
Yredelemnul was greatly pleased with you.
You were very full.

You visited 1 branch of the dungeon, and saw 4 of its levels.

You collected 113 gold pieces.

Inventory:

Hand weapons
 a - a +1,+1 short sword
 e - a -1,+2 orcish short sword of protection (weapon)
 t - a +1,+1 dwarven hand axe
 v - a +0 blowgun
 z - a +2,+1 dwarven short sword of speed
 A - a +1,+2 elven long sword
Missiles
 h - a throwing net [falling apart] (quivered)
 o - a throwing net [frayed]
 w - 7 poisoned needles
Armour
 b - a -1 leather armour
 d - a +1 dwarven cloak (worn)
 u - a +0 elven ring mail (worn)
 x - a +0 robe
 y - a +0 cloak
Magical devices
 c - a wand of lightning (8) {unknown}
Scrolls
 g - 4 scrolls of identify
 i - a scroll of remove curse {unknown}


   Skills:
 - Level 1.7 Fighting
 * Level 4.0 Short Blades
 - Level 0.7 Armour
 - Level 1.1 Dodging
 - Level 10.0 Stealth
 - Level 2.4 Invocations


You had 5 spell levels left.
You didn't know any spells.

Dungeon Overview and Level Annotations

Branches:
Dungeon (4/27)
 Temple: D:4-7

Altars:
Vehumet

Annotations
D:2 exclusion: jelly


Innate Abilities, Weirdness & Mutations

Your natural rate of healing is unusually fast.
You can bottle blood from corpses.
You have razor-sharp teeth.*
You have supernaturally acute eyesight.
You can survive without breathing.*


Message History

The orc hits your orc skeleton but does no damage.
The orc hits your orc zombie with an orcish hand axe.
Your orc zombie hits the orc.
Drink which item? (? for menu, Esc to quit)
You feel yourself speed up. The orc priest closely misses you.
Your orc skeleton hits the orc but does no damage.
The orc closely misses you. The orc hits you but does no damage.
The orc hits your orc skeleton with an orcish hand axe.
The orc hits your orc zombie with an orcish hand axe.
Your orc zombie hits the orc.
The orc priest calls upon Beogh to heal the orc.
The orc is healed somewhat.
Your orc skeleton hits the orc but does no damage.
The orc hits your orc zombie with an orcish flail.
The orc hits your orc zombie with an orcish hand axe.
The orc hits your orc skeleton but does no damage.
The orc priest calls down the wrath of Beogh upon you.
Something smites you!
You die...
Yredelemnul claims you as an undead slave.

#.###########.## #.# ..#
### #.## .. ##+#######
#........# #...o....#
####+#
+..ooz...########......
#..ooz..@+..z>z.#.......
#.#.#.#.#.#####.#........
#.........# #z#........
#.#.#.#.#.# #.#........
##........# #.z........
##.#.#.### ###z.......
....... ##'###### .#.#.#
#...# .... ####'####


You could see an orc priest, 4 orcs, a friendly orc zombie and a friendly orc
skeleton.

Vanquished Creatures
  Grinder (D:3)
  Crazy Yiuf (D:3)
  An orc wizard (D:4)
  A jelly (D:2)
  A scorpion (D:4)
  5 adders
  A gnoll (D:2)
  A worm (D:4)
  A giant eyeball (D:4)
  An ooze (D:1)
  4 orcs
  3 giant cockroaches
  9 goblins
  6 hobgoblins
  A quokka (D:4)
  3 ball pythons
  6 bats
  A giant gecko (D:3)
  A giant newt (D:3)
  5 jackals (D:2)
  5 kobolds
  8 rats
66 creatures vanquished.

Vanquished Creatures (collateral kills)
  An orc priest (D:4)
  An adder (D:2)
  A bat (D:2)
  A giant newt (D:3)
4 creatures vanquished.

Vanquished Creatures (others)
  An adder zombie (D:2)
  A ball python skeleton (D:4)
  A ball python zombie (D:2)
  A giant newt skeleton (D:3)
  A gnoll skeleton (D:2)
  A goblin zombie (D:2)
  A hobgoblin skeleton (D:2)
  A jackal skeleton (D:2)
  A jackal zombie (D:2)
  A kobold zombie (D:3)
  A toadstool (D:2)
11 creatures vanquished.

Grand Total: 81 creatures vanquished

Notes
Turn   | Place    | Note
--------------------------------------------------------------
     0 | D:1      | Rycklaryybbe, the Vampire Death Knight, began the quest for the Orb.
     0 | D:1      | Reached XP level 1. HP: 16/16 MP: 3/3
    59 | D:1      | Reached skill level 1 in Stealth
   248 | D:1      | Reached XP level 2. HP: 19/22 MP: 4/4
   268 | D:1      | Reached skill level 3 in Stealth
   642 | D:2      | Reached skill level 4 in Stealth
   753 | D:2      | Reached XP level 3. HP: 27/27 MP: 6/6
  1020 | D:2      | Reached skill level 5 in Stealth
  1252 | D:2      | Found a radiant altar of Vehumet.
  1311 | D:2      | Acquired Yredelemnul's second power
  1483 | D:2      | Reached skill level 6 in Stealth
  1483 | D:2      | Reached XP level 4. HP: 7/33 MP: 7/7
  1821 | D:3      | Noticed Grinder
  1825 | D:3      | Paralysed by Grinder for 6 turns
  1859 | D:3      | Killed Grinder
  1859 | D:3      | Reached skill level 9 in Stealth
  1859 | D:3      | Reached XP level 5. HP: 18/39 MP: 9/9
  1859 | D:3      | Reached XP level 6. HP: 20/45 MP: 10/10
  2436 | D:3      | Noticed Crazy Yiuf
  2445 | D:3      | Killed Crazy Yiuf
  2525 | D:3      | Paralysed by a potion of paralysis for 7 turns
  2566 | D:4      | Reached skill level 10 in Stealth
  3032 | D:4      | Killed from afar by an orc priest

Action                   |  1- 3 |  4- 6 || total
-------------------------+-------+-------++-------
Melee: Short sword       |    97 |   174 ||   271
       Hand axe          |    10 |       ||    10
Throw: Throwing net      |     2 |     4 ||     6
       Hand axe          |       |     1 ||     1
Invok: Animate Remains   |     8 |     6 ||    14
  Use: Potion            |       |     9 ||     9
       Scroll            |       |     5 ||     5
 Stab: Sleeping          |     5 |     9 ||    14
       Distracted        |     1 |     1 ||     2
       Held in net/web   |       |     5 ||     5
